 Dungeon Crawl Stone Soup version 0.32-a0-818-gb728d0252e (webtiles) character file.

Game seed: 14034360019802931266

18944 smashvw the Fighter (level 12, -1/113 HPs)
             Began as a Minotaur Monk on Mar 23, 2024.
             Was a High Priest of Qazlal.
             Slain by a 12-headed hydra (11 damage)
             ... on level 3 of the Lair of Beasts.
             The game lasted 00:33:34 (13509 turns).

smashvw the Fighter (Minotaur Monk)                Turns: 13509, Time: 00:33:34

Health: -1/113     AC: 25    Str: 26    XL:     12   Next: 32%
Magic:  0/18       EV:  6    Int:  7    God:    Qazlal [*****.]
Gold:   639        SH: 14    Dex: 13    Spells: 11/11 levels left

rFire   + . .        T - +3 hand axe
rCold   . . .        a - +0 kite shield
rNeg    . . .        r - +0 plate armour
rPois   .            R - +2 hat of the Bear Spirit {Spirit, Bear, *Rage Will++}
rElec   .            f - +0 cloak
rCorr   .            y - +1 pair of gloves
SInv    +            x - +0 pair of boots
Will    ++...        W - amulet of regeneration Stlth
                     v - ring of protection from fire
HPRegen 1.18/turn    i - ring of Galof {Str+5 SInv}
MPRegen 0.16/turn

%: random rage (20%), repel missiles, guardian spirit
@: protected from physical damage, on berserk cooldown, slowed, very slow
A: horns 2, retaliatory headbutt
a: Renounce Religion, Upheaval, Elemental Force, Disaster Area


You were on level 3 of the Lair of Beasts.
You worshipped Qazlal.
Qazlal was extremely pleased with you.
You visited 3 branches of the dungeon, and saw 15 of its levels.

You collected 639 gold pieces.

Inventory:

Hand Weapons
 P - the +5 broad axe "Lefresk" {flame, rPois rF+ Int-5}
   (You found it on level 9 of the Dungeon)

   Int-5:     It affects your intelligence (-5).
   rF+:       It protects you from fire.
   rPois:     It protects you from poison.
 T - a +3 hand axe (weapon)
Missiles
 g - 106 stones
 n - 4 silver javelins
 H - 7 javelins
 I - 37 poisoned darts
 M - 7 boomerangs
Armour
 a - a +0 kite shield (worn)
 d - an orb of light
 f - a +0 cloak (worn)
 r - a +0 plate armour (worn)
 x - a +0 pair of boots (worn)
 y - a +1 pair of gloves (worn)
 R - the +2 hat of the Bear Spirit (worn) {Spirit, Bear, *Rage Will++}
   (You acquired it on level 9 of the Dungeon)

   Bear:      Going berserk makes the wearer exceptionally tough, and they are
   slowed for a shorter time afterward.
   Will++:    It greatly increases your willpower.
   *Rage:     It berserks you when you make melee attacks (+20% chance).
 Z - a +0 cloak of stealth
Jewellery
 i - the ring of Galof (right hand) {Str+5 SInv}
   (You acquired it on level 9 of the Dungeon)

   [ring of see invisible]

   Str+5:     It affects your strength (+5).
   SInv:      It lets you see invisible.
 v - a ring of protection from fire (left hand)
 W - an amulet of regeneration (around neck)
Wands
 D - a wand of warping (12)
 G - a wand of charming (4)
 N - a wand of digging (6)
 O - a wand of flame (24) (quivered)
 Q - a wand of acid (6)
Scrolls
 e - 2 scrolls of enchant weapon
 h - 2 scrolls of vulnerability
 k - 6 scrolls of teleportation
 l - 3 scrolls of fear {unknown}
 m - a scroll of butterflies {unknown}
 q - a scroll of fog {unknown}
 s - 3 scrolls of blinking {unknown}
 F - a scroll of immolation {unknown}
 S - a scroll of revelation {unknown}
 U - 2 scrolls of amnesia {unknown}
 V - 4 scrolls of identify
Potions
 b - a potion of cancellation {unknown}
 c - 5 potions of ambrosia
 j - 2 potions of heal wounds
 o - 3 potions of resistance
 t - 4 potions of berserk rage
 w - a potion of magic {unknown}
 z - 2 potions of lignification {unknown}
 A - a potion of invisibility {unknown}
 B - a potion of mutation {unknown}
 C - a potion of brilliance {unknown}
 E - 2 potions of might {unknown}
 J - 3 potions of attraction {unknown}
 X - 2 potions of curing {unknown}


   Skills:
 + Level 12.5 Fighting
 + Level 12.5 Axes
 - Level 5.0 Throwing
 - Level 11.6 Armour
 - Level 3.2 Dodging
 + Level 1.0 Shields
 + Level 10.0 Invocations


You had 11 spell levels left.
You didn't know any spells.
Your spell library contained the following spells:

 Spells                   Type           Power      Damage    Failure   Level
 Sandblast                Erth           0%         2d4       100%        1
 Shock                    Conj/Air       0%         1d3       100%        1
 Stone Arrow              Conj/Erth      0%         3d7       100%        3
 Swiftness                Air            0%         N/A       100%        3
 Airstrike                Air            0%         2d(0-16)  100%        4
 Brom's Barrelling Bould  Conj/Erth      0%         2d3       100%        4


Dungeon Overview and Level Annotations

Branches:
Dungeon (11/15)            Temple (1/1) D:4            Lair (3/5) D:11
  Swamp (0/4) Lair:2          Orc (0/2) D:10
  Snake: Lair:2-3    Spider: Lair:2-3

Altars:
Ashenzari
Cheibriados
Dithmenos
Elyvilon
Fedhas
Gozag
Hepliaklqana
Kikubaaqudgha
Makhleb
Nemelex Xobeh
Okawaru
Qazlal
Ru
Sif Muna
Trog
Uskayaw
Vehumet
Wu Jian
Xom
Yredelemnul
Zin
The Shining One

Shops:
D:3 !   D:9 :

Portals:
Abyss: D:8

Annotations:
D:8 2 transporters, Orlauf's ghost, journeyman DsGl


Innate Abilities, Weirdness & Mutations

You have a pair of horns on your head.
You reflexively headbutt those who attack you in melee.


Message History

Aim: a 12-headed hydra (sparse dust, severely wounded, 89% to hit)
The puff of flame hits the 12-headed hydra.
The 12-headed hydra is severely wounded.
You block the 12-headed hydra's attack.
The 12-headed hydra bites you but does no damage. x4
The 12-headed hydra bites you.
The 12-headed hydra bites you but does no damage.
You block the 12-headed hydra's attack. x2; The 12-headed hydra bites you.
You feel more protected from physical attacks.
The 12-headed hydra bites you but does no damage.
The 12-headed hydra completely misses you.
The water moccasin closely misses you.
The 12-headed hydra bites you but does no damage.
The 12-headed hydra bites you.
You feel more protected from physical attacks.
The 12-headed hydra bites you!
* * * LOW HITPOINT WARNING * * *
You feel more protected from physical attacks.
The 12-headed hydra bites you but does no damage. x8
The 12-headed hydra bites you.
* * * LOW HITPOINT WARNING * * *
Aiming: Throw Flame
Press: ? - help, Q - select action, (/) - cycle Shift-Dir - straight line, f/p - 12-headed hydra
Aim: a 12-headed hydra (sparse dust, severely wounded, 89% to hit)
The puff of flame hits the 12-headed hydra.
The 12-headed hydra is severely wounded.
You block the water moccasin's attack. The water moccasin bites you.
* * * LOW HITPOINT WARNING * * *
The 12-headed hydra bites you but does no damage.
The 12-headed hydra barely misses you.
You block the 12-headed hydra's attack. x2
The 12-headed hydra bites you!
* * * LOW HITPOINT WARNING * * *
The 12-headed hydra bites you.
* * * LOW HITPOINT WARNING * * *
The 12-headed hydra bites you but does no damage.
The 12-headed hydra completely misses you.
The 12-headed hydra bites you!
* * * LOW HITPOINT WARNING * * *
The 12-headed hydra bites you!
You die...

#...............
##...........P.P.
##................
#.................
#...............
#..............
#...S......#
#.##☼##S..## ##
#.D@§°.P# ##..#†.##
####.## ##.# ##..#
##.#.### ####..#...#
..........## ##
...........#####.#.#


You could see a 12-headed hydra and a water moccasin.

Vanquished Creatures
  A boulder beetle (D:11)
  A two-headed ogre (D:10)
  A skyshark (Lair:2)
  A bog body (Lair:2)
  An oklob plant (Lair:2)
  A cyclops (D:7)
  2 black mambas (Lair:2)
  2 cane toads (Lair:1)
  2 rime drakes
  A kobold demonologist (D:10)
  5 komodo dragons
  A polar bear (Lair:2)
  2 wraiths
  8 wyverns
  A shadow (D:10)
  19 yaks
  4 vampire mosquitoes (D:11)
  Eustachio (D:6)
  3 basilisks
  A steam dragon (D:8)
  A swamp worm (Lair:2)
  Edmund (D:6)
  3 acid dragons
  13 water moccasins
  6 orc warriors
  2 black bears
  14 wolves
  3 sky beasts
  3 centaurs
  A phantom (D:5)
  4 kobold brigands
  6 bullfrogs
  A gnoll sergeant (D:11)
  4 scorpions
  3 wights
  6 killer bees
  2 howler monkeys (D:9)
  3 electric eels (Lair:2)
  A bombardier beetle (D:5)
  5 hounds
  4 orc priests
  3 sleepcaps
  3 iguanas
  9 orc wizards
  6 adders
  4 gnolls (D:11)
  4 ufetubi
  2 ribbon worms (D:2)
  2 dart slugs
  30 orcs
  4 bats
  10 endoplasms
  2 giant cockroaches
  6 goblins
  5 hobgoblins
  6 jackals (D:1)
  21 kobolds
  5 quokkas
  6 ball pythons
  11 frilled lizards
  5 rats
288 creatures vanquished.

Vanquished Creatures (others)
  A kobold demonologist (D:10)
1 creature vanquished.

Grand Total: 289 creatures vanquished

Notes
Turn   | Place    | Note
-------+----------+-------------------------------------------
     0 | D:1      | smashvw the Minotaur Monk began the quest for the Orb.
     0 | D:1      | Reached XP level 1. HP: 19/19 MP: 0/0
   173 | D:1      | Reached XP level 2. HP: 11/27 MP: 1/1
   402 | D:1      | Reached skill level 1 in Armour
   431 | D:1      | Reached skill level 1 in Invocations
   669 | D:1      | Reached XP level 3. HP: 30/33 MP: 2/2
   683 | D:1      | You fall into a shaft and drop 1 floor!
  1168 | D:2      | Found a faded altar of an unknown god.
  1586 | D:3      | Reached skill level 1 in Throwing
  1586 | D:3      | Reached XP level 4. HP: 40/40 MP: 4/4
  1731 | D:3      | Found Codaxoec's Distillery.
  2106 | D:4      | Found a staircase to the Ecumenical Temple.
  2116 | Temple   | Entered the Ecumenical Temple
  2144 | Temple   | Became a worshipper of Qazlal Stormbringer
  2144 | Temple   | Reached * piety under Qazlal
  2144 | Temple   | Reached ** piety under Qazlal
  2244 | D:4      | Reached XP level 5. HP: 35/47 MP: 5/5
  2627 | D:5      | Entered Level 5 of the Dungeon
  2754 | D:5      | Reached skill level 5 in Fighting
  2754 | D:5      | Reached XP level 6. HP: 48/56 MP: 6/6
  2844 | D:5      | Reached skill level 5 in Axes
  3334 | D:5      | Reached XP level 7. HP: 57/61 MP: 8/8
  3717 | D:6      | Noticed Eustachio
  3731 | D:6      | Killed Eustachio
  3750 | D:6      | Noticed Edmund
  3762 | D:6      | Killed Edmund
  3766 | D:6      | Reached *** piety under Qazlal
  3982 | D:6      | Reached XP level 8. HP: 70/70 MP: 9/9
  4116 | D:6      | Reached skill level 5 in Armour
  4503 | D:6      | Upgraded the game from 0.32-a0-814-g0968bab981 to
                  | 0.32-a0-818-gb728d0252e
  4691 | D:7      | Noticed a cyclops
  4884 | D:7      | Killed a cyclops
  4885 | D:7      | Reached skill level 5 in Invocations
  5040 | D:7      | Reached XP level 9. HP: 62/79 MP: 11/11
  5358 | D:7      | Reached skill level 5 in Throwing
  5838 | D:8      | Found a transporter.
  5839 | D:8      | Found a transporter.
  6384 | D:8      | Found a one-way gate to the infinite horrors of the Abyss.
  6384 | D:8      | Noticed Orlauf's ghost (journeyman DsGl)
  6403 | D:8      | Noticed a purple ugly thing
  7003 | D:8      | Noticed a fire crab
  7156 | D:9      | Reached XP level 10. HP: 53/90 MP: 13/13
  7335 | D:9      | Identified the +5 broad axe "Lefresk" {flame, rPois rF+
                  | Int-5}
  7343 | D:9      | Found a sparkling altar of Nemelex Xobeh.
  7455 | D:9      | Identified 2 scrolls of acquirement
  7474 | D:9      | Acquired the +2 hat of the Bear Spirit {Spirit, Bear, *Rage
                  | Will++}
  7474 | D:9      | Found the +2 hat of the Bear Spirit {Spirit, Bear, *Rage
                  | Will++}
  7481 | D:9      | Acquired the ring of Galof {Str+5 SInv}
  7695 | D:9      | Found Ickihuah's Book Boutique.
  7819 | D:10     | Entered Level 10 of the Dungeon
  7871 | D:10     | Found a staircase to the Orcish Mines.
  8098 | D:10     | Noticed a two-headed ogre
  8108 | D:10     | Killed a two-headed ogre
  8489 | D:10     | Reached **** piety under Qazlal
  9173 | D:11     | Noticed a boulder beetle
  9184 | D:11     | Reached skill level 10 in Fighting
  9184 | D:11     | Reached skill level 10 in Axes
  9191 | D:11     | Found a staircase to the Lair.
  9261 | D:11     | Killed a boulder beetle
  9262 | D:11     | Reached XP level 11. HP: 80/101 MP: 14/16
 10189 | D:11     | Reached skill level 10 in Armour
 10523 | Lair:1   | Entered Level 1 of the Lair of Beasts
 10941 | Lair:1   | Reached ***** piety under Qazlal
 12216 | Lair:2   | Noticed an oklob plant
 12230 | Lair:2   | Killed an oklob plant
 12296 | Lair:2   | Noticed a skyshark
 12304 | Lair:2   | Killed a skyshark
 12305 | Lair:2   | Reached XP level 12. HP: 112/112 MP: 13/18
 12741 | Lair:2   | Reached skill level 10 in Invocations
 12798 | Lair:2   | Found a staircase to the Swamp.
 13489 | Lair:3   | Reached skill level 1 in Shields
 13492 | Lair:3   | Noticed an eight-headed hydra
 13509 | Lair:3   | Slain by a 12-headed hydra

Illustrated notes

Levels and vault maps discovered:
D:1:      evilmike_arrival_rings, layout_basic, minmay_lizard_king
D:2:      layout_rooms, hellmonk_ecumenical_altar_run_dry
D:3:      layout_loops_ring, serial_shops, nicolae_shop_advertising_works
          [nicolae_subvault_shop_adworks], minmay_quantized
D:4:      layout_rooms, minmay_temple_entry_slanted,
          chequers_serial_rivers_large_b
D:5:      layout_loops_ring, minivault_5
D:6:      layout_basic, dreamdust_mushroom_princess, uniq_eustachio, uniq_edmund
D:7:      layout_layer_cave
D:8:      layout_basic, gammafunk_ghost_abyssal_escape, minmay_between
D:9:      layout_loops_cross, mainiacjoe_overflow_brackets, serial_shops, shop,
          st_stairs_8
D:10:     layout_basic, david_orc_2
D:11:     layout_basic, minmay_lair_entry_grove
Temple:   mainiacjoe_temple_archimedes_tessellation
Lair:1:   layout_cave_pods, grunt_megastairs_1, serial_bayou_shore_b,
          infiniplex_staircase_pool, lemuel_fruit_tree
Lair:2:   layout_gridlike, nicolae_swamp_entry_splash_gauntlet
Lair:3:   layout_gridlike, nicolae_spider_entry_orb_guardian,
          lemuel_fruit_fields

Skill      XL: |  1  2  3  4  5  6  7  8  9 10 11 12 |
---------------+-------------------------------------+-----
Armour         | 1 2 3 4 6 7 9 11 | 11.6
Invocations    | 1 2 3 5 6 8 9 10 | 10.0
Axes           | 4 5 6 7 8 10 12 | 12.5
Fighting       | 4 5 6 7 8 10 12 | 12.5
Throwing       | 1 2 3 4 5 |  5.0
Shields        | 1 |  1.0
Dodging        | |  3.2

Action                     |  1- 3 |  4- 6 |  7- 9 | 10-12 || total
---------------------------+-------+-------+-------+-------++-------
  Melee: Hand axe          |    86 |   140 |   184 |   352 ||   762
         Headbutt          |    16 |    23 |    72 |    98 ||   209
         War axe           |       |       |    45 |    16 ||    61
  Throw: Javelin           |       |       |     7 |       ||     7
         Boomerang         |       |       |       |     8 ||     8
         Dart              |       |       |       |     2 ||     2
 Invoke: Upheaval          |       |       |     2 |       ||     2
  Evoke: Wand              |       |       |       |     4 ||     4
    Use: Scroll            |       |       |     6 |     5 ||    11
         Potion            |       |       |       |     1 ||     1
 Armour: Robe              |    41 |       |       |       ||    41
         Quicksilver drago |     9 |       |       |       ||     9
         Plate armour      |     4 |   131 |   255 |   390 ||   780
  Dodge: Dodged            |    42 |    33 |    90 |   117 ||   282
         Repelled          |       |       |       |     9 ||     9
  Block: Kite shield       |       |       |       |    30 ||    30

Table legend: (Time is in decaauts)
 A = Elapsed time spent in this place.
 B = Non-inter-level travel time spent in this place.
 C = Inter-level travel time spent in this place.
 D = Time resting spent in this place.
 E = Time spent auto-exploring this place.
 F = Levels seen in this place.
 G = Mean time per level.
                   A        B        C        D        E       F      G
               +--------+--------+--------+--------+--------+-----+--------+
         Total |  13594 |  12912 |    682 |   1767 |   9413 |  15 |  906.3 |
       Dungeon |  10616 |  10149 |    467 |   1091 |   7695 |  11 |  965.1 |
        Temple |     56 |      2 |     54 |      0 |      0 |   1 |   56.0 |
          Lair |   2921 |   2760 |    161 |    675 |   1718 |   3 |  973.7 |
               +--------+--------+--------+--------+--------+-----+--------+

Top non-repeatable levels by time:
  Lair:1: 1772 daAuts
    D:11: 1442 daAuts
    D:10: 1369 daAuts
     D:7: 1297 daAuts
     D:6: 1072 daAuts
     D:8: 1016 daAuts
  Lair:2: 1008 daAuts
     D:5: 1007 daAuts
     D:1: 831 daAuts
     D:9: 800 daAuts
     D:3: 727 daAuts
     D:4: 578 daAuts
     D:2: 474 daAuts
  Lair:3: 141 daAuts
  Temple: 56 daAuts
